 Dungeon Crawl Stone Soup version 0.18.1-48-g4cf74bf (webtiles) character file.

1414 lyrx the Cleaver (level 8, -3/64 HPs)
             Began as a Hill Orc Berserker on Aug 24, 2016.
             Was a Believer of Trog.
             Killed by divine providence
             ... invoked by an orc priest
              (13 damage)
             ... on level 4 of the Dungeon.
             The game lasted 00:24:32 (3639 turns).

lyrx the Cleaver (Hill Orc Berserker)               Turns: 3639, Time: 00:24:32

Health: -3/64      AC:  7    Str: 22    XL:     8   Next: 71%
Magic:  8/8        EV: 10    Int:  7    God:    Trog [**....]
Gold:   128        SH:  0    Dex: 10    Spells: 0 memorised, 7 levels left

rFire  . . .     SeeInvis .     a - +0 hand axe
rCold  . . .     Gourm    .     e - +0 scale mail
rNeg   . . .     Faith    .     (no shield)
rPois  .         Spirit   .     f - +0 helmet
rElec  .         Dismiss  .     (no cloak)
rCorr  .         Reflect  .     (no gloves)
SustAt .         Harm     .     (no boots)
MR     ++...     Clarity  +     (no amulet)
Stlth  ..........               (no ring)
                                (no ring)

@: exhausted, regenerating, slowed, very slow, very resistant to hostile
enchantments, extremely unstealthy
A: clarity, wild magic 1
a: Berserk, Trog's Hand, Burn Spellbooks, Renounce Religion, Convert to Beogh


You were on level 4 of the Dungeon.
You worshipped Trog.
Trog was pleased with you.
You were not hungry.

You visited 1 branch of the dungeon, and saw 4 of its levels.

You collected 128 gold pieces.

Inventory:

Hand Weapons
 a - a +0 hand axe (weapon)
Missiles
 b - 40 bolts
 j - 38 arrows
Armour
 e - a +0 scale mail (worn)
 f - a +0 helmet (worn)
Scrolls
 h - 2 scrolls of teleportation
 m - 3 scrolls of enchant weapon
 o - a scroll of blinking {unknown}
 q - 2 scrolls of identify
 s - 2 scrolls of enchant armour {unknown}
 t - a scroll of remove curse
Potions
 c - a potion of mutation {unknown}
 d - a potion of agility {unknown}
 g - 2 potions of curing {unknown}
 i - a potion of invisibility {unknown}
 k - a potion of brilliance {unknown}
 n - 3 potions of heal wounds {unknown}
 p - a potion of resistance {unknown}
 u - a potion of lignification {unknown}
 w - a potion of degeneration {unknown}
Comestibles
 l - 3 meat rations
 v - 7 fruits


   Skills:
 - Level 3.6 Fighting
 * Level 13.5 Axes
 - Level 2.1 Armour
 - Level 1.5 Dodging


You had 7 spell levels left.
You didn't know any spells.

Dungeon Overview and Level Annotations

Branches:
Dungeon (4/15)
 Temple: D:4-7

Altars:
Cheibriados
Dithmenos
Fedhas
Ru
Sif Muna

Shops:
D:4 [

Annotations:
D:4 Dowan


Innate Abilities, Weirdness & Mutations

You possess an exceptional clarity of mind.
Your spells are a little harder to cast, but a little more powerful.


Message History

The orc priest threatens, "By the altar or by the axe, you will meet Beogh!"
The orc priest is moderately wounded.
The orc priest invokes the aid of Beogh against you.
Beogh smites you!
* * * LOW HITPOINT WARNING * * *
Your skin crawls.
You feel resistant to hostile enchantments.
You feel slightly more hungry. The orc priest hits you with a dagger.
* * * LOW HITPOINT WARNING * * *
The orc priest hits you with a dagger.
* * * LOW HITPOINT WARNING * * *
You hit the orc priest.
The orc priest is heavily wounded.
The orc priest shouts, "Join the one true god or die!"
The orc priest closely misses you.
You closely miss the orc priest.
The orc priest is heavily wounded.
The orc priest invokes the aid of Beogh against you.
Beogh smites you!
You die...

#..# ... #..# ..
##.## . #..# ##.##
#..# #..# ##o## #
#.@# ### #.)## ..##
##)#.# ...## ##....#
....#########.....#
............)....##
.......###...........
......## ##..........
.......# #......#..#


You could see an orc priest.

Vanquished Creatures
  An oklob plant (D:3)
  The ghost of ceb the Chopper, a novice MiBe of Trog (D:4)
  Menkaure (D:4)
  Duvessa (D:4)
  A sky beast (D:3)
  An ogre (D:4)
  A crimson imp (D:4)
  A centaur skeleton (D:4)
  Natasha (thrice) (D:2)
  3 gnolls (D:2)
  3 adders
  2 worms (D:2)
  3 giant geckos
  9 orcs
  4 bats
  A giant cockroach (D:3)
  7 goblins
  6 hobgoblins
  3 jackals (D:2)
  6 kobolds
  2 quokkas
  A giant newt (D:1)
  8 rats
  8 fungi (D:3)
  4 plants (D:3)
81 creatures vanquished.

Notes
Turn   | Place    | Note
--------------------------------------------------------------
     0 | D:1      | lyrx the Hill Orc Berserker began the quest for the Orb.
     0 | D:1      | Reached XP level 1. HP: 19/19 MP: 1/1
   320 | D:1      | Reached XP level 2. HP: 20/26 MP: 2/2
   567 | D:1      | Reached skill level 5 in Axes
   874 | D:2      | Reached XP level 3. HP: 31/31 MP: 3/3
   903 | D:2      | Noticed Natasha
   922 | D:2      | Killed Natasha
   922 | D:2      | Reached skill level 6 in Axes
  1274 | D:2      | Noticed Natasha
  1285 | D:2      | Killed Natasha
  1285 | D:2      | Reached XP level 4. HP: 39/39 MP: 4/4
  1292 | D:2      | Reached ** piety under Trog
  1306 | D:2      | HP: 1/39 [worm (9)]
  1539 | D:2      | Reached skill level 7 in Axes
  1555 | D:2      | Noticed Natasha
  1570 | D:2      | Killed Natasha
  1570 | D:2      | Reached XP level 5. HP: 18/45 MP: 5/5
  2215 | D:2      | Found a deep blue altar of Sif Muna.
  2409 | D:2      | Found a snail-covered altar of Cheibriados.
  2410 | D:2      | Found a sacrificial altar of Ru.
  2591 | D:3      | Found a shadowy altar of Dithmenos.
  2595 | D:3      | Reached skill level 8 in Axes
  2677 | D:3      | Noticed a sky beast
  2687 | D:3      | Killed a sky beast
  2687 | D:3      | Reached skill level 9 in Axes
  2687 | D:3      | Reached XP level 6. HP: 41/51 MP: 6/6
  2693 | D:3      | Gained mutation: Your spells are a little harder to cast, but a little more powerful. [mutagenic meat]
  2694 | D:3      | Gained mutation: You are agile. (Dex +2) [mutagenic meat]
  2695 | D:3      | Gained mutation: You possess an exceptional clarity of mind. [mutagenic meat]
  2697 | D:3      | Lost mutation: You are agile. (Dex +2) [mutagenic meat]
  2957 | D:3      | Found a blossoming altar of Fedhas.
  2970 | D:3      | Noticed an oklob plant
  3184 | D:3      | Killed an oklob plant
  3184 | D:3      | Reached skill level 11 in Axes
  3184 | D:3      | Reached XP level 7. HP: 57/57 MP: 7/7
  3314 | D:4      | Noticed ceb's ghost (novice MiBe)
  3333 | D:4      | Killed ceb's ghost
  3333 | D:4      | Reached skill level 12 in Axes
  3333 | D:4      | Reached XP level 8. HP: 64/64 MP: 8/8
  3349 | D:4      | Found Issiwnud's Antique Armour Shop.
  3425 | D:4      | Noticed Duvessa
  3425 | D:4      | Noticed Dowan
  3435 | D:4      | Killed Duvessa
  3562 | D:4      | Reached skill level 13 in Axes
  3586 | D:4      | Noticed Menkaure
  3619 | D:4      | Killed Menkaure
  3639 | D:4      | Killed from afar by an orc priest

Skill      XL: |  1  2  3  4  5  6  7  8 |
---------------+-------------------------+-----
Axes           | 5 6 7 9 11 12 13 | 13.5
Fighting       | |  3.6
Armour         | |  2.1
Dodging        | |  1.5

Action                   |  1- 3 |  4- 6 |  7- 9 || total
-------------------------+-------+-------+-------++-------
Melee: Hand axe          |    95 |   250 |    83 ||   428
Invok: Berserk           |     2 |     8 |     4 ||    14
       Trog's Hand       |       |     2 |     2 ||     4
  Use: Scroll            |     3 |     3 |       ||     6
  Eat: Chunk             |     2 |    15 |     2 ||    19
       Bread ration      |       |     1 |     1 ||     2
       Fruit             |       |       |     4 ||     4
Armor: Scale mail        |    33 |    40 |    26 ||    99
       Animal skin       |     1 |       |       ||     1
Dodge: Dodged            |    28 |    45 |    28 ||   101
